 Dungeon Crawl Stone Soup version 0.21-a0-79-g04744e2 (webtiles) character file.

8439 Kidiri the Ducker (level 11, -22/97 HPs)
             Began as a Demonspawn Transmuter on June 22, 2017.
             Was a Priest of Wu Jian.
             Annihilated by melvinkitnick's ghost (26 damage)
             ... on level 10 of the Dungeon.
             The game lasted 00:50:21 (12652 turns).

Kidiri the Ducker (Demonspawn Transmuter)          Turns: 12652, Time: 00:50:23

Health: -22/97     AC:  6    Str: 18    XL:     11   Next: 9%
Magic:  0/18       EV: 14    Int: 14    God:    Wu Jian [***...]
Gold:   538        SH:  0    Dex: 15    Spells: 4/19 levels left

rFire    x . .     SeeInvis .     - Unarmed
rCold    + + +     Gourm    +   (shield currently unavailable)
rNeg     . . .     Faith    .   (armour currently unavailable)
rPois    +         Spirit   +   (helmet currently unavailable)
rElec    .         Reflect  .   (cloak currently unavailable)
rCorr    .         Harm     .   (gloves currently unavailable)
MR       .....                  (boots currently unavailable)
Stlth    +++.......             i - amulet of the gourmand
HPRegen  0.26/turn              t - +3 ring of strength
MPRegen  0.16/turn              y - ring of poison resistance

@: ice-form, very slightly contaminated, invisible (expiring)
A: sense surroundings 1, powered by death 1, strong 1, magic shield
a: End Transformation, Renounce Religion


You were on level 10 of the Dungeon.
You worshipped Wu Jian.
Wu Jian was most pleased with you.
You were very full.
You were a creature of crystalline ice.
You visited 2 branches of the dungeon, and saw 11 of its levels.

You collected 538 gold pieces.

Inventory:

Missiles
 a - 219 arrows
Armour
 l - a +0 hat (melded)
 q - a +2 robe of fire resistance
 x - the +1 leather armour "Nih Ber" {Dex+3}
   (You found it on level 5 of the Dungeon)

   It affects your dexterity (+3).
 C - a +0 cloak (melded)
 M - a +1 robe of resistance (melded)
Jewellery
 i - an amulet of the gourmand (around neck)
 t - a +3 ring of strength (left front paw)
 w - an uncursed ring of ice
 y - a ring of poison resistance (right front paw)
 D - an uncursed amulet of faith
 J - an uncursed ring of fire
Wands
 f - a wand of iceblast (10/15)
 p - a wand of polymorph (7/24)
 A - a wand of disintegration (11/24)
 G - a wand of flame (34/48)
 H - a wand of digging (8/24)
 I - a wand of lightning (6/15)
 K - a wand of digging (10/24)
Scrolls
 g - 5 scrolls of teleportation
 h - 2 scrolls of recharging
 j - a scroll of remove curse
 m - a scroll of magic mapping
 u - 4 scrolls of amnesia
 E - 2 scrolls of fear
Potions
 b - 3 potions of heal wounds {unknown}
 e - 2 potions of flight
 k - 3 potions of lignification
 n - a potion of ambrosia
 r - 2 potions of resistance
 v - 2 potions of might
 B - a potion of curing
 L - 2 potions of magic {unknown}
 N - a potion of degeneration {unknown}
Books
 c - a book of Changes

   Spells                             Type                      Level
   a - Beastly Appendage              Transmutation                1
   b - Sticks to Snakes               Transmutation                2
   c - Spider Form                    Transmutation/Poison         3
   d - Ice Form                       Ice/Transmutation            4
   e - Blade Hands                    Transmutation                5
Comestibles
 d - 5 bread rations
 s - 6 royal jellies
 z - 6 meat rations
 F - 5 chunks of flesh


   Skills:
 + Level 5.8 Fighting
 + Level 4.5 Armour
 * Level 7.0 Dodging
 + Level 4.5 Stealth
 * Level 6.7 Unarmed Combat
 + Level 4.8 Spellcasting
 * Level 6.7 Transmutations
 + Level 3.3 Ice Magic
 + Level 4.8 Poison Magic


You had 4 spell levels left.
You knew the following spells:

 Your Spells              Type           Power        Failure   Level  Hunger
a - Beastly Appendage     Tmut           ###...       1%          1    None
b - Sticks to Snakes      Tmut           ###.....     1%          2    ##.....
c - Spider Form           Tmut/Pois      ###.......   4%          3    ###....
d - Ice Form              Ice/Tmut       ###.....     22%         4    ####...
e - Blade Hands           Tmut           ###.......   30%         5    ######.


Dungeon Overview and Level Annotations

Branches:
Dungeon (10/15)            Temple (1/1) D:4
   Lair: D:8-11         Orc: D:9-12

Altars:
Ashenzari
Cheibriados
Dithmenos
Fedhas
Gozag
Hepliaklqana
Kikubaaqudgha
Makhleb
Nemelex Xobeh
Okawaru
Qazlal
Ru
Sif Muna
Trog
Uskayaw
Vehumet
Wu Jian
Xom
Yredelemnul
Zin
The Shining One

Shops:
D:9 *(=

Annotations:
D:10 melvinkitnick's ghost, journeyman HOFi


Innate Abilities, Weirdness & Mutations

((You have very sharp fingernails.))
((You have a pair of horns on your head.))
((You have razor-sharp toenails.))
You regenerate a little health from kills.
When hurt, damage is shared between your health and your magic reserves.
((Your flesh is heat resistant. (rF+)))
You passively map a small area around you.
((Your system is resistant to poisons. (rPois)))
Your muscles are strong. (Str +2)


Message History

Your +1 robe of resistance melds into your body.
You feel hot and cold all over.
You flicker for a moment.
Melvinkitnick's ghost hits you!! Melvinkitnick's ghost freezes you.
* * * LOW HITPOINT WARNING * * *
Unknown command.
You spin and attack melvinkitnick's ghost.
You hit melvinkitnick's ghost but do no damage.
Melvinkitnick's ghost is heavily damaged.
Melvinkitnick's ghost hits you!!
* * * LOW HITPOINT WARNING * * *
Unknown command.
Unknown command.
You spin and attack melvinkitnick's ghost repeatedly.
You barely miss melvinkitnick's ghost.
Melvinkitnick's ghost is heavily damaged.
You pummel melvinkitnick's ghost!! You freeze melvinkitnick's ghost!
Melvinkitnick's ghost is almost destroyed.
Melvinkitnick's ghost hits you!!
You die...

#...... #....# #.. #......*
, #....######.. #...... ,
,#........)... #......*
#........)).. #...... ,
#............ #.^.... ,
#............
#......####+##......(.....
#......<....[..........W..
,
,.........Y........W#######
........W..........# , #
##.................#, #
#.................#, ,
#..............<..# ,
#...............).#
#..########.......#, , #..
#.......# ,, ...
,,#.........# ,


You could see melvinkitnick's ghost.

Vanquished Creatures
  3 two-headed ogres
  2 hippogriffs (D:9)
  A human (D:7)
  3 yaks (D:9)
  A hungry ghost (D:7)
  4 hogs (D:7)
  Duvessa (D:7)
  2 orc warriors
  A sky beast (D:7)
  2 black bears
  A phantom (D:9)
  4 ice beasts
  6 ogres
  2 centaurs
  A crocodile (D:7)
  A big kobold (D:9)
  7 bullfrogs
  Dowan (D:7)
  2 scorpions
  6 killer bees
  8 wights
  A howler monkey (D:6)
  3 crimson imps
  4 bullfrog zombies
  3 jellies
  A quasit (D:9)
  4 centaur skeletons
  6 orc priests
  5 hounds
  15 orc wizards
  An iguana (D:8)
  Natasha (thrice) (D:4)
  11 worker ants
  A killer bee zombie (D:8)
  A hound zombie (D:5)
  2 hound skeletons
  8 adders
  3 gnolls (D:2)
  3 shadow imps
  3 oozes
  3 adder skeletons
  3 worms
  A dart slug (D:1)
  4 leopard geckos
  38 orcs
  6 giant cockroaches
  8 goblins
  7 hobgoblins
  4 jackals
  5 quokkas
  4 ball pythons
  8 bats
  4 frilled lizards
  15 kobolds
  12 rats
259 creatures vanquished.

Notes
Turn   | Place    | Note
-------+----------+-------------------------------------------
     0 | D:1      | Kidiri the Demonspawn Transmuter began the quest for the Orb.
     0 | D:1      | Reached XP level 1. HP: 15/15 MP: 3/3
   109 | D:1      | Reached skill level 2 in Dodging
   313 | D:1      | Gained mutation: You have a pair of small horns on your head. [demonic ancestry]
   313 | D:1      | Reached XP level 2. HP: 18/21 MP: 5/5
   403 | D:1      | Learned a level 2 spell: Sticks to Snakes
  1013 | D:2      | Gained mutation: When hurt, damage is shared between your health and your magic reserves. [demonic ancestry]
  1013 | D:2      | Reached XP level 3. HP: 23/26 MP: 4/6
  1038 | D:2      | Learned a level 3 spell: Spider Form
  2017 | D:2      | Found an ornate altar of the Wu Jian Council.
  2027 | D:2      | Became a worshipper of the Wu Jian Council
  2124 | D:2      | Gained mutation: You regenerate a little health from kills. [demonic ancestry]
  2124 | D:2      | Reached XP level 4. HP: 25/32 MP: 0/7
  2921 | D:3      | Reached skill level 1 in Poison Magic
  2921 | D:3      | Reached XP level 5. HP: 37/37 MP: 5/8
  3165 | D:3      | Found a shadowy altar of Dithmenos.
  3821 | D:4      | Reached * piety under Wu Jian
  3831 | D:4      | Reached skill level 3 in Dodging
  3871 | D:4      | Reached skill level 1 in Stealth
  3871 | D:4      | Gained mutation: You have sharp toenails. [demonic ancestry]
  3871 | D:4      | Reached XP level 6. HP: 18/45 MP: 1/10
  4142 | D:4      | Learned a level 4 spell: Ice Form
  4185 | D:4      | Noticed Natasha
  4195 | D:4      | Killed Natasha
  4276 | D:4      | Reached skill level 1 in Armour
  4305 | D:4      | Noticed Natasha
  4328 | D:4      | HP: 2/46 [white imp/puff of frost[Natasha] (8)]
  4332 | D:4      | Killed Natasha
  4451 | D:5      | Entered Level 5 of the Dungeon
  4852 | D:4      | Noticed Natasha
  4861 | D:4      | Killed Natasha
  4876 | D:4      | Gained mutation: You have a pair of horns on your head. [demonic ancestry]
  4876 | D:4      | Reached XP level 7. HP: 48/51 MP: 5/11
  4978 | D:4      | Found a staircase to the Ecumenical Temple.
  4984 | Temple   | Entered the Ecumenical Temple
  5368 | D:5      | Found an opulent altar of Gozag.
  5449 | D:5      | Got a slimy leather armour
  5460 | D:5      | Identified the +1 leather armour "Nih Ber" {Dex+3} (You found it on level 5 of the Dungeon)
  5525 | D:5      | Found a deep blue altar of Sif Muna.
  5530 | D:5      | Found an iron altar of Okawaru.
  5531 | D:5      | Found an ancient bone altar of Kikubaaqudgha.
  5648 | D:5      | Found an ancient bone altar of Kikubaaqudgha.
  6124 | D:6      | Reached skill level 4 in Dodging
  6429 | D:6      | Reached XP level 8. HP: 42/58 MP: 1/12
  6456 | D:6      | Reached ** piety under Wu Jian
  6465 | D:6      | Reached skill level 1 in Ice Magic
  7522 | D:6      | Reached skill level 5 in Unarmed Combat
  8052 | D:7      | Gained mutation: You have sharp fingernails. [demonic ancestry]
  8052 | D:7      | Reached XP level 9. HP: 58/65 MP: 9/14
  8054 | D:7      | Reached skill level 5 in Dodging
  8180 | D:7      | Learned a level 5 spell: Blade Hands
  9083 | D:7      | Reached skill level 5 in Transmutations
  9388 | D:7      | Noticed Duvessa
  9388 | D:7      | Noticed Dowan
  9649 | D:7      | Killed Duvessa
  9649 | D:7      | Killed Dowan
  9756 | D:7      | Found a sparkling altar of Nemelex Xobeh.
  9885 | D:8      | Found a radiant altar of Vehumet.
  9895 | D:8      | Reached skill level 5 in Fighting
  9896 | D:8      | Gained mutation: You have very sharp fingernails. [demonic ancestry]
  9896 | D:8      | Reached XP level 10. HP: 71/74 MP: 9/16
  9978 | D:8      | Found a hide-covered altar of Uskayaw.
  9985 | D:8      | Noticed a dagger
  9986 | D:8      | Noticed a hand axe
 10015 | D:8      | Reached skill level 6 in Dodging
 10054 | D:8      | Noticed a two-headed ogre
 10067 | D:8      | Killed a two-headed ogre
 10377 | D:8      | Found a shadowy altar of Dithmenos.
 10708 | D:9      | Found a glowing golden altar of the Shining One.
 10805 | D:9      | Noticed a two-headed ogre
 10813 | D:9      | Killed a two-headed ogre
 10813 | D:9      | Reached *** piety under Wu Jian
 11155 | D:9      | Found Qattam's Antique Weapon Boutique.
 11736 | D:9      | Gained mutation: Your muscles are strong. (Str +2) [potion of mutation]
 11736 | D:9      | Gained mutation: Your system is resistant to poisons. (rPois) [potion of mutation]
 11736 | D:9      | Gained mutation: Your flesh is heat resistant. (rF+) [potion of mutation]
 11736 | D:9      | Gained mutation: You passively map a small area around you. [potion of mutation]
 11747 | D:9      | Found Upnecw's Jewellery Shoppe.
 11878 | D:9      | Found Kaca's Assorted Antiques.
 12031 | D:9      | Found a blossoming altar of Fedhas.
 12305 | D:9      | Gained mutation: You have razor-sharp toenails. [demonic ancestry]
 12305 | D:9      | Reached XP level 11. HP: 79/81 MP: 18/18
 12384 | D:10     | Entered Level 10 of the Dungeon
 12384 | D:10     | Noticed a two-headed ogre
 12391 | D:10     | Killed a two-headed ogre
 12391 | D:10     | Reached skill level 7 in Dodging
 12564 | D:10     | Noticed melvinkitnick's ghost (journeyman HOFi)
 12651 | D:10     | HP: 4/97 [melvinkitnick's ghost (25)]
 12652 | D:10     | Annihilated by melvinkitnick's ghost

Vault maps used:
D:1:      roderic_chinese_lattice_arrival
D:2:      lemuel_coloured_pillars_altar, minmay_tall_x
D:3:      marbit_many_paths
D:4:      minmay_temple_entry_enclosed_plants, first_bread, minmay_distorted,
          uniq_natasha
D:5:      nicolae_overflow_hidden_temple, minitemple, basic_altar,
          grunt_gozag_breadcrumbs
D:7:      nemelex_xobeh_ov_fountains_minmay, grunt_livestock, uniq_duvessa
D:8:      vehumet_altar_wand_db, dancing_weapons_uskayaw, basic_altar
D:9:      kennysheep_mini, overflow_temple_1_default, serial_shops,
          nicolae_shop_overgrown_old_shop, nicolae_shop_trees, shop_statue
Temple:   minmay_temple_curvy_loop

Skill      XL: |  1  2  3  4  5  6  7  8  9 10 11 |
---------------+----------------------------------+-----
Dodging        | 2 3 4 5 6 7 |  7.0
Transmutations | 2 3 4 5 6 |  6.7
Unarmed Combat | 3 4 5 6 |  6.7
Poison Magic   | 1 2 3 4 |  4.8
Fighting       | 2 3 4 5 |  5.8
Stealth        | 1 2 3 4 |  4.5
Armour         | 1 2 3 4 |  4.5
Spellcasting   | 3 4 |  4.8
Ice Magic      | 1 2 3 |  3.3

Action                   |  1- 3 |  4- 6 |  7- 9 | 10-12 || total
-------------------------+-------+-------+-------+-------++-------
Melee: Unarmed           |   134 |   206 |   324 |   258 ||   922
       Headbutt          |    10 |    18 |     7 |    10 ||    45
       Punch             |     1 |     1 |       |       ||     2
       Kick              |     6 |     8 |    17 |    16 ||    47
 Cast: Beastly Appendage |    10 |     1 |       |       ||    11
       Spider Form       |     6 |    13 |    21 |    15 ||    55
       Ice Form          |       |       |    15 |     6 ||    21
       Sticks to Snakes  |       |       |     1 |       ||     1
       Blade Hands       |       |       |       |     1 ||     1
  Use: Scroll            |     5 |     5 |     4 |     2 ||    16
       Potion            |       |     5 |     4 |     2 ||    11
 Stab: Sleeping          |       |     2 |     4 |     7 ||    13
       Distracted        |       |       |     1 |       ||     1
       Invisible         |       |       |       |     4 ||     4
  Eat: Chunk             |    18 |    11 |    30 |    13 ||    72
Armor: Robe              |    27 |    11 |     3 |     7 ||    48
       Skin              |     2 |     4 |    35 |    14 ||    55
Dodge: Dodged            |    87 |   174 |   210 |   178 ||   649
